 Dungeon Crawl Stone Soup version 0.20.0-14-g326068f (webtiles) character file.

29 sagitran the Grave Robber (level 3, -18/25 HPs)
             Began as a Demonspawn Necromancer on June 8, 2017.
             Killed from afar by a frilled lizard skeleton (36 damage)
             ... with an exploding inner flame
             ... animated by the player character
             ... hexed by the player character
             ... on level 1 of the Dungeon.
             The game lasted 00:21:24 (482 turns).

sagitran the Grave Robber (Demonspawn Necromancer)   Turns: 482, Time: 00:21:25

Health: -18/25     AC:  2    Str:  8    XL:     3   Next: 1%
Magic:  2/6        EV: 12    Int: 17    God:
Gold:   19         SH:  0    Dex: 15    Spells: 5/7 levels left

rFire    . . .     SeeInvis .   h - +0 spear
rCold    . . .     Gourm    .   (no shield)
rNeg     . . .     Faith    .   m - +0 robe (curse)
rPois    .         Spirit   .   (no helmet)
rElec    .         Reflect  .   (no cloak)
rCorr    .         Harm     .   (no gloves)
MR       .....                  (no boots)
Stlth    +++.......             (no amulet)
Regen    0.1/turn               (no ring)
MPRegen  0.1/turn               (no ring)

@: no status effects
A: thin skeletal structure 1, rot immunity
a: no special abilities


You were on level 1 of the Dungeon.
You were not hungry.

You visited 1 branch of the dungeon, and saw 1 of its levels.

You collected 19 gold pieces.

Inventory:

Hand Weapons
 h - a +0 spear (weapon)
Missiles
 k - 5 javelins (quivered)
Armour
 a - a +0 robe
 g - a +0 shield
 m - a cursed +0 robe (worn)
Scrolls
 e - a scroll of amnesia
 i - a scroll of identify
Potions
 j - a potion of invisibility
 l - a potion of cancellation
Books
 b - a book of Necromancy

   Spells                             Type                      Level
   a - Pain                           Necromancy                   1
   b - Animate Skeleton               Necromancy                   1
   c - Vampiric Draining              Necromancy                   3
   d - Regeneration                   Charms/Necromancy            3
   e - Animate Dead                   Necromancy                   4
   f - Control Undead                 Necromancy                   4
Comestibles
 c - 2 bread rations
 d - a royal jelly
 f - 8 chunks of flesh


   Skills:
 + Level 0.4 Fighting
 + Level 0.1 Throwing
 + Level 1.8 Dodging
 + Level 2.1 Stealth
 + Level 2.5 Spellcasting
 + Level 4.7 Necromancy


You had 5 spell levels left.
You knew the following spells:

 Your Spells              Type           Power        Failure   Level  Hunger
a - Pain                  Necr           ###.         2%          1    #......
b - Animate Skeleton      Necr           N/A          2%          1    #......


Dungeon Overview and Level Annotations

Branches:
Dungeon (1/15)

Altars:


Innate Abilities, Weirdness & Mutations

You have a somewhat thin skeletal structure. (Dex +2, Stealth)
You are immune to rotting.


Message History

Your adder skeleton barely misses the jackal.
Your bat skeleton hits the jackal.
You see here 2 chunks of flesh.
Attack whom?
Press: ? - help, Dir - move target cursor, f - jackal
Aim: a jackal (severely wounded)
Okay, then.
Throwing (i - inventory):
k - 5 javelins (quivered)
Press: ? - help, Shift-Dir - straight line, f - jackal
Aim: a jackal (severely wounded)
Okay, then.
Your bat skeleton misses the jackal.
The jackal bites your bat skeleton.
Your bat skeleton explodes!
The fiery explosion engulfs your frilled lizard skeleton.
Your frilled lizard skeleton explodes!
The fiery explosion engulfs the jackal.
You kill the jackal!
The fiery explosion engulfs you!
Ouch! That really hurt!
You die...

###*.........###*...#*#
#*##..........##**,,,.#
##.......,*#...# **##(####**
...###.#..*#(..# *.......,*
.........$###.(####.##....,*
.......,..................,*
.....#.####....§§Z§.......,*
.....#...##....§§§Z..#,,,,,*
.....#*#.#.....§@§§..#,,,,,*
.....###..........%..#,,,,,*
.Z...##...#).........#,,,,,*
.....##.#.#..........#******
.Z......#.#......[...#
.......##.#..........#
.....................#
.....######..........#
....## ############


You could see a friendly adder skeleton and a friendly kobold skeleton.

Vanquished Creatures
  A dart slug (D:1)
  A leopard gecko (D:1)
  A bat (D:1)
  A goblin (D:1)
  2 hobgoblins (D:1)
  3 jackals (D:1)
  2 frilled lizards (D:1)
  A kobold (D:1)
  4 rats (D:1)
16 creatures vanquished.

Vanquished Creatures (collateral kills)
  An adder (D:1)
  A leopard gecko (D:1)
  A bat (D:1)
  A jackal (D:1)
  A rat (D:1)
5 creatures vanquished.

Grand Total: 21 creatures vanquished

Notes
Turn   | Place    | Note
-------+----------+-------------------------------------------
     0 | D:1      | sagitran the Demonspawn Necromancer began the quest for the Orb.
     0 | D:1      | Reached XP level 1. HP: 13/13 MP: 3/3
    39 | D:1      | Learned a level 1 spell: Animate Skeleton
   267 | D:1      | Gained mutation: You have a somewhat thin skeletal structure. (Dex +2, Stealth) [demonic ancestry]
   267 | D:1      | Reached XP level 2. HP: 15/19 MP: 5/5
   476 | D:1      | Gained mutation: You are immune to rotting. [demonic ancestry]
   476 | D:1      | Reached XP level 3. HP: 18/25 MP: 4/6
   482 | D:1      | Killed from afar by a frilled lizard skeleton

Skill      XL: |  1 |
---------------+----+-----
Stealth        | 2 |  2.1
Fighting       | |  0.4
Throwing       | |  0.1
Dodging        | |  1.8
Spellcasting   | |  2.5
Necromancy     | |  4.7

Action                   || total
-------------------------++-------
Melee: Club              ||    12
       Unarmed           ||     7
       Spear             ||    36
Throw: Javelin           ||     6
 Cast: Animate Skeleton  ||    10
       Pain              ||     3
  Use: Scroll            ||     7
 Stab: Sleeping          ||     1
Armor: Robe              ||    11
Dodge: Dodged            ||    43
